 Dungeon Crawl Stone Soup version 0.22-a0-877-g5c4e1af (webtiles) character file.

83 prawnwizard the Slasher (level 4, -1/34 HPs)
             Began as a Demonspawn Gladiator on July 29, 2018.
             Slain by prawnwizard's ghost (3 damage)
             ... on level 4 of the Dungeon.
             The game lasted 00:03:00 (2243 turns).

prawnwizard the Slasher (Demonspawn Gladiator)      Turns: 2243, Time: 00:03:01

Health: -1/34      AC:  4    Str: 16    XL:     4   Next: 22%
Magic:  0/4        EV: 12    Int:  9    God:
Gold:   143        SH:  0    Dex: 14    Spells: 3/3 levels left

rFire    . . .     SeeInvis .   a - +0 long sword
rCold    . . .     Gourm    .   (no shield)
rNeg     . . .     Faith    .   b - +0 leather armour
rPois    .         Spirit   +   (helmet restricted)
rElec    .         Reflect  .   (no cloak)
rCorr    .         Harm     .   o - +0 pair of gloves (curse)
MR       .....                  (no boots)
Stlth    +.........             e - amulet of guardian spirit
HPRegen  0.11/turn              (no ring)
MPRegen  0.09/turn              (no ring)

@: heavily drained
A: horns 2
a: no special abilities


You were on level 4 of the Dungeon.
You were not hungry.

You visited 1 branch of the dungeon, and saw 4 of its levels.

You collected 143 gold pieces.

Inventory:

Hand Weapons
 a - a +0 long sword (weapon)
Missiles
 d - 4 throwing nets (quivered)
Armour
 b - a +0 leather armour (worn)
 c - a +0 pair of gloves
 o - a cursed +0 pair of gloves (worn)
Jewellery
 e - an amulet of guardian spirit (around neck)
 g - an uncursed amulet of harm
Wands
 s - a wand of enslavement (17)
Scrolls
 h - 5 scrolls of identify {unknown}
 i - 2 scrolls of teleportation {unknown}
 k - a scroll of fog {unknown}
 n - a scroll of enchant weapon {unknown}
 q - a scroll of immolation {unknown}
 u - a scroll of magic mapping {unknown}
Potions
 j - 3 potions of flight {unknown}
 l - a potion of heal wounds {unknown}
 p - a potion of ambrosia {unknown}
 r - a potion of lignification {unknown}
 t - a potion of mutation {unknown}
Comestibles
 f - 2 rations
 m - a chunk of flesh


   Skills:
 + Level 2.7(1.5) Fighting
 * Level 3.8(2.5) Long Blades
 - Level 1.7(0.5) Throwing
 + Level 3.3(2.0) Dodging


You had 3 spell levels left.
You didn't know any spells.
Your spell library was empty.

Dungeon Overview and Level Annotations

Branches:
Dungeon (4/15)
 Temple: D:4-7

Altars:

Annotations:
D:4 prawnwizard's ghost, amateur DsFi


Innate Abilities, Weirdness & Mutations

You have a pair of horns on your head.


Message History

Prawnwizard's ghost is lightly damaged.
Prawnwizard's ghost misses you.
You riposte.
You hit prawnwizard's ghost but do no damage.
Prawnwizard's ghost is lightly damaged.
The phantom blinks!
Prawnwizard's ghost hits you!
* * * LOW HITPOINT WARNING * * *
Unknown command.
You completely miss prawnwizard's ghost.
Prawnwizard's ghost is lightly damaged.
Prawnwizard's ghost hits you.
* * * LOW HITPOINT WARNING * * *
You hit prawnwizard's ghost but do no damage.
Prawnwizard's ghost is lightly damaged.
Prawnwizard's ghost wails, "You will join me soon!"
Prawnwizard's ghost closely misses you.
You hit prawnwizard's ghost but do no damage.
You headbutt prawnwizard's ghost, but do no damage.
Prawnwizard's ghost is lightly damaged.
Prawnwizard's ghost hits you.
You die...

. .. ... ....
.....
.....W########
......'@W<...#
......#......#
....> #.######
#### ###


You could see a phantom and prawnwizard's ghost.

Vanquished Creatures
  3 adders
  An ooze (D:2)
  3 worms
  A dart slug (D:1)
  A leopard gecko (D:2)
  4 bats
  A giant cockroach (D:2)
  7 goblins
  3 hobgoblins
  A quokka (D:3)
  2 ball pythons
  2 frilled lizards
  4 kobolds
  10 rats
43 creatures vanquished.

Vanquished Creatures (others)
  A plant (D:3)
1 creature vanquished.

Grand Total: 44 creatures vanquished

Notes
Turn   | Place    | Note
-------+----------+-------------------------------------------
     0 | D:1      | prawnwizard the Demonspawn Gladiator began the quest for the Orb.
     0 | D:1      | Reached XP level 1. HP: 16/16 MP: 1/1
   180 | D:1      | Gained mutation: You have a pair of small horns on your head. [demonic ancestry]
   180 | D:1      | Reached XP level 2. HP: 18/22 MP: 2/2
   947 | D:2      | Reached XP level 3. HP: 12/28 MP: 3/3
  1742 | D:3      | Gained mutation: You have a pair of horns on your head. [demonic ancestry]
  1742 | D:3      | Reached XP level 4. HP: 18/34 MP: 1/4
  2183 | D:3      | Found a runed gate.
  2184 | D:3      | Noticed a big kobold
  2184 | D:3      | Noticed prawnwizard's ghost (amateur DsFi)
  2185 | D:3      | Found a runed gate.
  2185 | D:3      | Found a runed gate.
  2186 | D:3      | Noticed a big kobold
  2239 | D:4      | Noticed a phantom
  2241 | D:4      | HP: 1/34 [prawnwizard's ghost (1)]
  2243 | D:4      | Slain by prawnwizard's ghost

Vault maps used:
D:1:      evilmike_arrival_run_for_it, chequers_big_river
D:2:      minmay_misc_feat_tower
D:3:      gammafunk_ghost_nasty_kobolds, kennysheep_generic_room_2
D:4:      minmay_temple_entry_junction, chequers_ossuary_entry_cave,
          serial_shops, kennysheep_mini, uniq_robin

Skill      XL: |  1  2 |
---------------+-------+-----
Long Blades    | 3 |  3.8
Dodging        | 3 |  3.3
Fighting       | |  2.7
Throwing       | |  1.7

Action                   |  1- 3 |  4- 6 || total
-------------------------+-------+-------++-------
Melee: Long sword        |    85 |    28 ||   113
       Headbutt          |     9 |    10 ||    19
 Stab: Sleeping          |     1 |       ||     1
  Eat: Chunk             |     3 |     1 ||     4
Armor: Leather armour    |    21 |     9 ||    30
Dodge: Dodged            |    53 |    27 ||    80
       Rpst.: Long sword |    19 |     7 ||    26

Table legend:
 A = Spawn XP
 B = Non-spawn XP
 C = Spawn XP percentage of total XP
 D = Spawn monster count
 E = Non-spawn monster count
 F = Spawn count percentage of total count
 G = Total turns spent on level
                    A         B        C        D         E        F      G
               +---------+---------+-------+---------+---------+-------+---------
         Total |       0 |     119 |   0.0 |       0 |      43 |   0.0 |  2243
               +---------+---------+-------+---------+---------+-------+---------
           D:1 |       0 |      33 |   0.0 |       0 |      19 |   0.0 |   872
           D:2 |       0 |      62 |   0.0 |       0 |      16 |   0.0 |   852
           D:3 |       0 |      24 |   0.0 |       0 |       8 |   0.0 |   512
               +---------+---------+-------+---------+---------+-------+---------
